 Dungeon Crawl Stone Soup version 0.32-a0-119-g2e8054a333 (webtiles) character file.

Game seed: 7766239784379718125

302 Newt the Skirmisher (level 6, 0/39 HPs)
             Began as a Kobold Hunter on Feb 6, 2024.
             Slain by an orc
             ... wielding a +0 flail
              (6 damage)
             ... on level 5 of the Dungeon.
             The game lasted 00:04:01 (4012 turns).

Newt the Skirmisher (Kobold Hunter)                 Turns: 4012, Time: 00:04:01

Health: 0/39       AC:  4    Str: 11 (14) XL:     6   Next: 65%
Magic:  6/6        EV: 16    Int:  6 (7)  God:
Gold:   279        SH:  0    Dex: 26 (27) Spells: 5/5 levels left

rFire   . . .        g - +0 sling
rCold   . . .        (no shield)
rNeg    . . .        c - +0 leather armour
rPois   +            h - +0 helmet
rElec   .            (no cloak)
rCorr   .            (no gloves)
SInv    .            (no boots)
Will    .....        (no amulet)
Stlth   +++          l - ring of Segec {rPois Str+6 Int-3 Dex+6}
HPRegen 0.26/turn    (no ring)
MPRegen 0.10/turn

%: no passive effects
@: brilliant, hasted, very quick
A: small, no large weapons, nightstalker 3, sense surroundings 1, subdued magic
1
a: no special abilities


You were on level 5 of the Dungeon.
You visited 1 branch of the dungeon, and saw 5 of its levels.

You collected 279 gold pieces.

Inventory:

Hand Weapons
 a - a +0 shortbow of chaos
 g - a +0 sling (weapon)
Armour
 c - a +0 leather armour (worn)
 h - a +0 helmet (worn)
Jewellery
 l - the ring of Segec (left hand) {rPois Str+6 Int-3 Dex+6}
   (You found it on level 3 of the Dungeon)

   [ring of strength]

   Str+6:     It affects your strength (+6).
   Int-3:     It affects your intelligence (-3).
   Dex+6:     It affects your dexterity (+6).
   rPois:     It protects you from poison
Wands
 k - a wand of flame (2)
 p - a wand of iceblast (6)
Scrolls
 b - a scroll of enchant armour
 f - 4 scrolls of amnesia
 j - a scroll of fear
 m - a scroll of blinking
 n - a scroll of enchant weapon {unknown}
 o - a scroll of noise
Potions
 e - a potion of brilliance
 i - a potion of degeneration


   Skills:
 + Level 4.5 Fighting
 - Level 8.0 Ranged Weapons
 * Level 3.6 Dodging
 - Level 1.3 Stealth


You had 5 spell levels left.
You didn't know any spells.
Your spell library contained the following spells:

 Spells                   Type           Power      Damage    Failure   Level
 Magic Dart               Conj           0%         1d3       50%         1
 Slow                     Hex            0%         N/A       50%         1
 Blink                    Tloc           0%         N/A       65%         2
 Call Imp                 Summ           0%         N/A       65%         2
 Confusing Touch          Hex            0%         N/A       87%         3
 Sigil of Binding         Hex            0%         N/A       87%         3
 Vampiric Draining        Necr           0%         2d6       87%         3
 Malign Gateway           Summ/Tloc      0%         N/A       100%        7
 Summon Horrible Things   Summ           0%         N/A       100%        8


Dungeon Overview and Level Annotations

Branches:
Dungeon (5/15)
 Temple: D:4-7

Altars:
Cheibriados

Shops:
D:3 =


Innate Abilities, Weirdness & Mutations

You are small and have problems with some larger weapons.
You are completely attuned to the shadows.
You passively map a small area around you.
Your spells are a little easier to cast, but a little less powerful.


Message History

An orc comes into view. It is wielding a +0 flail.
The orc shouts!
The orc wizard hits you with a +0 dagger.
Unknown command.
Unknown command.
A magic dart appears from out of thin air!
The magic dart hits you!
* * * LOW HITPOINT WARNING * * *
Unknown command.
The orc wizard closely misses you. Something hits you.
* * * LOW HITPOINT WARNING * * *
It was a potion of brilliance.
You feel clever all of a sudden. The orc barely misses you.
The orc wizard hits you but does no damage.
Something hits you.
* * * LOW HITPOINT WARNING * * *
It was a potion of degeneration.
There was something very wrong with that liquid.
You feel weakened.
You feel dopey.
You feel clumsy.
You feel less confused. The orc hits you but does no damage.
Something hits you.
* * * LOW HITPOINT WARNING * * *
The orc wizard completely misses you. The orc barely misses you.
The orc wizard misses you.
The orc wizard attacks as it pursues you!
The orc wizard hits you but does no damage.
Something hits you.
* * * LOW HITPOINT WARNING * * *
Something hits you but does no damage.
Unknown command.
It was a potion of mutation.
You feel extremely strange.
Your connection to magic feels subdued.
You feel a strange attunement to the structure of the dungeons.
The orc wizard hits you but does no damage.
The orc closely misses you. Something hits you but does no damage.
It was a potion of haste.
You feel yourself speed up.
The orc wizard hits you but does no damage.
The orc hits you with a +0 flail.
You die...

#.# ##..# ,
#.# ##...# ~
##<###....#
*
#...#....##
,
##..#....##
, ,
##.>.#...##
, ~ ,
#...##...#
#.......## ,
#...@...#
#..{oo..# ,
##......## *
#.......##
#........# ,
#...##.... ,
#...#*....**
~ #...# #...
#...# ... ,


You could see an orc wizard and an orc.

Vanquished Creatures
  An orc priest (D:3)
  Jessica (D:2)
  3 iguanas (D:4)
  Robin (D:2)
  7 adders
  A shadow imp (D:5)
  A ribbon worm (D:2)
  A dart slug (D:2)
  4 orcs (D:3)
  A bat (D:1)
  2 endoplasms (D:4)
  5 giant cockroaches
  14 goblins
  8 hobgoblins
  6 jackals
  3 quokkas
  6 ball pythons
  5 frilled lizards
  8 kobolds
  5 rats
83 creatures vanquished.

Notes
Turn   | Place    | Note
-------+----------+-------------------------------------------
     0 | D:1      | Newt the Kobold Hunter began the quest for the Orb.
     0 | D:1      | Reached XP level 1. HP: 12/12 MP: 1/1
   177 | D:1      | Reached XP level 2. HP: 18/18 MP: 2/2
   576 | D:1      | Reached skill level 6 in Ranged Weapons
   801 | D:2      | Found a faded altar of an unknown god.
   817 | D:2      | Reached XP level 3. HP: 22/22 MP: 3/3
  1023 | D:2      | Noticed Robin
  1048 | D:2      | Killed Robin
  1049 | D:2      | Reached XP level 4. HP: 8/28 MP: 4/4
  1440 | D:2      | Noticed Jessica
  1443 | D:2      | Killed Jessica
  1444 | D:2      | Reached skill level 7 in Ranged Weapons
  1444 | D:2      | Reached XP level 5. HP: 32/32 MP: 5/5
  2276 | D:3      | Identified the ring of Segec {rPois Str+6 Int-3 Dex+6}
  2293 | D:3      | Found Ifrel's Jewellery Emporium.
  2759 | D:3      | Found a snail-covered altar of Cheibriados.
  3085 | D:4      | Reached skill level 8 in Ranged Weapons
  3085 | D:4      | Reached XP level 6. HP: 28/38 MP: 6/6
  3960 | D:5      | Entered Level 5 of the Dungeon
  4011 | D:5      | Gained mutation: Your spells are a little easier to cast,
                  | but a little less powerful. [potion of mutation]
  4011 | D:5      | Gained mutation: You passively map a small area around you.
                  | [potion of mutation]
  4012 | D:5      | Slain by an orc

Illustrated notes

Levels and vault maps discovered:
D:1:      ncdulo_watergridlock, layout_loops_cross
D:2:      layout_rooms, basic_ecumenical_altar, kennysheep_jessica_study,
          uniq_robin
D:3:      layout_basic, mainiacjoe_overflow_brackets, serial_shops,
          nicolae_lakefront_shop, minivault_23, minmay_fractal_squares_5
D:4:      nicolae_cairo_tiling, layout_basic
D:5:      lemuel_castle_with_subvaults [lemuel_castle_interior_carwin_1],
          layout_layer_cave, grunt_temple_overflow_diamond,
          ebering_ghost_sewer_d, columned_hall_lemuel, uniq_edmund

Skill      XL: |  1  2  3  4  5  6 |
---------------+-------------------+-----
Ranged Weapons | 6 7 8 |  8.0
Fighting       | 3 4 |  4.5
Dodging        | 3 |  3.6
Stealth        | |  1.3

Action                     |  1- 3 |  4- 6 || total
---------------------------+-------+-------++-------
   Fire: Shortbow          |    84 |    57 ||   141
         Sling             |       |   138 ||   138
    Use: Scroll            |     1 |    10 ||    11
         Potion            |       |     4 ||     4
 Armour: Leather armour    |    31 |    56 ||    87
  Dodge: Dodged            |    20 |    88 ||   108

Table legend: (Time is in decaauts)
 A = Elapsed time spent in this place.
 B = Non-inter-level travel time spent in this place.
 C = Inter-level travel time spent in this place.
 D = Time resting spent in this place.
 E = Time spent auto-exploring this place.
 F = Levels seen in this place.
 G = Mean time per level.
                   A        B        C        D        E       F      G
               +--------+--------+--------+--------+--------+-----+--------+
         Total |   4037 |   3853 |    184 |    295 |   3050 |   5 |  807.4 |
       Dungeon |   4037 |   3853 |    184 |    295 |   3050 |   5 |  807.4 |
               +--------+--------+--------+--------+--------+-----+--------+

Top non-repeatable levels by time:
     D:3: 1208 daAuts
     D:4: 1070 daAuts
     D:1: 880 daAuts
     D:2: 826 daAuts
     D:5: 52 daAuts
